 Dungeon Crawl Stone Soup version 0.31-a0-466-g98c9adc2b6 (webtiles) character file.

Game seed: 3771794052594963018

1339 holysushi the Insei (level 8, -2/48 HPs)
             Began as an Octopode Shapeshifter on Aug 5, 2023.
             Shot with an arrow by a centaur (11 damage)
             ... on level 5 of the Dungeon.
             The game lasted 00:06:13 (3499 turns).

holysushi the Insei (Octopode Shapeshifter)         Turns: 3499, Time: 00:06:13

Health: -2/48      AC:  1    Str: 14    XL:     8   Next: 61%
Magic:  8/8        EV: 16    Int: 10    God:
Gold:   336        SH:  0    Dex: 15    Spells: 7/7 levels left

rFire   . .          .
                       - Unarmed
rCold   . . .        (no shield)
rNeg    . . .        (helmet currently unavailable)
rPois   .            (no amulet)
rElec   .            (no ring)
rCorr   .            (no ring)
SInv    .            (no ring)
Will    .....        (no ring)
Stlth   +++          (no ring)
HPRegen 0.28/turn    (no ring)
MPRegen 0.11/turn    (no ring)
                     (no ring)

%: no passive effects
@: beast-form
A: beast (slay +3), almost no armour, amphibious, 8 rings, camouflage 1,
gelatinous body 1, (nimble swimmer 1), tentacles
a: Begin Untransformation


You were on level 5 of the Dungeon.
You were a hulking beast.
You visited 1 branch of the dungeon, and saw 5 of its levels.
You also visited: Ossuary.

You collected 336 gold pieces.

Inventory:

Jewellery
 p - a ring of poison resistance
Talismans
 b - a beast talisman (active)
 o - a maw talisman
 r - a granite talisman
Scrolls
 a - a scroll of enchant weapon
 d - a scroll of revelation
 i - a scroll of amnesia
 k - 3 scrolls of teleportation
 s - a scroll of summoning
Potions
 e - a potion of berserk rage {unknown}
 f - a potion of degeneration {unknown}
 g - 3 potions of cancellation
 h - a potion of attraction {unknown}
 j - a potion of enlightenment {unknown}
 l - a potion of heal wounds {unknown}
 m - a potion of resistance {unknown}
 n - 3 potions of brilliance {unknown}
 q - 2 potions of might {unknown}


   Skills:
 - Level 1.0 Fighting
 - Level 6.3 Dodging
 - Level 3.0 Stealth
 + Level 7.4 Unarmed Combat
 + Level 4.5 Shapeshifting


You had 7 spell levels left.
You didn't know any spells.
Your spell library contained the following spells:

 Spells                   Type           Power      Damage    Failure   Level
 Apportation              Tloc           0%         N/A       36%         1
 Ozocubu's Armour         Ice            0%         N/A       75%         3
 Alistair's Intoxication  Tmut/Pois      0%         N/A       100%        5
 Ozocubu's Refrigeration  Ice            0%         4d7       100%        7


Dungeon Overview and Level Annotations

Branches:
Dungeon (5/15) Zot: 26260 Ossuary (visited)
 Temple: D:4-7

Altars:
Elyvilon
Uskayaw
Vehumet

Annotations:
D:3 exclusion: centaur


Innate Abilities, Weirdness & Mutations

You are a hulking beast.
Your limbs bulge with bestial killing power. (Slay +3)
You cannot wear most types of armour.
You are amphibious.
You can wear up to eight rings at the same time.
Your skin changes colour to match your surroundings (Stealth+).
Your rubbery body absorbs attacks. (AC +1, EV +1)
((You are camouflaged when in or above water. (Stealth+)))
You have tentacles for arms and can constrict up to eight enemies at once.


Message History

The wight is heavily damaged.
You constrict the wight, but do no damage.
The wight barely misses you.
You tentacle-slap the wight.
The wight is severely damaged.
You constrict the wight, but do no damage.
The wight hits you with a +2 flail!
You feel drained.
You tentacle-slap the wight.
You squeeze the wight, but do no damage.
The wight is almost destroyed.
You constrict the wight.
You destroy the wight!
Your life force feels restored.
You now have 336 gold pieces (gained 18).
Things that are here:
a +2 flail; a +0 robe A centaur comes into view.
The centaur moves out of view.
A centaur is nearby!
A centaur is nearby!
A centaur is nearby!
A centaur is nearby!
You start waiting.
A centaur is nearby!
The centaur shouts!
The centaur wields a +0 shortbow.
The centaur shoots an arrow.
The arrow completely misses you.
You start waiting.
A centaur is nearby!
The centaur shoots an arrow.
The arrow hits you!
The centaur shoots an arrow.
The arrow hits you!
You hear an angry hiss.
An iguana comes into view.
The iguana hisses angrily.
The centaur shoots an arrow.
The arrow barely misses you.
You feel better.
The centaur shoots an arrow.
The arrow hits you.
The centaur shoots an arrow.
The arrow hits you!
* * * LOW HITPOINT WARNING * * *
You feel better.
The centaur shoots an arrow.
The arrow hits you!
You die...

...#..###...##.#..#..####...
...#..# #...###..##..##
.....####.............##
..............##..†....###
.....## #....###..........
......####....###.......#..
.#.....#....#.##.....c.## .
.# ..#......#........l....
.##.##...##.##..h##...#...
.....#...............##..##
.............)........# ##
[........................
<####....................
###...............##.....
#.#...............#......
.....###.................
......##...........#...##


You could see a centaur and an iguana.

Vanquished Creatures
  A black bear (D:5)
  2 ice beasts (D:5)
  2 phantoms (D:4)
  An elf zombie (Ossuary)
  3 scorpions
  4 wights
  3 centaur zombies (Ossuary)
  An orc priest (D:5)
  A hound (D:4)
  A human zombie (Ossuary)
  A jelly (D:5)
  2 iguanas (D:5)
  2 mummies (Ossuary)
  5 adders
  3 adder zombies (Ossuary)
  A worm (D:3)
  5 dart slugs
  6 orcs
  A bat (D:1)
  6 endoplasms
  4 giant cockroaches
  4 goblins
  2 hobgoblins
  3 jackals (D:1)
  2 quokkas (D:3)
  6 ball pythons
  2 frilled lizards
  10 hobgoblin zombies (Ossuary)
  2 jackal zombies (Ossuary)
  11 kobolds
  14 kobold zombies (Ossuary)
  An orc zombie (Ossuary)
  A rat (D:2)
  2 rat zombies (Ossuary)
115 creatures vanquished.

Vanquished Creatures (collateral kills)
  A jelly (D:4)
  A kobold (D:4)
2 creatures vanquished.

Grand Total: 117 creatures vanquished

Notes
Turn   | Place    | Note
-------+----------+-------------------------------------------
     0 | D:1      | holysushi the Octopode Shapeshifter began the quest for the
                  | Orb.
     0 | D:1      | Reached XP level 1. HP: 13/13 MP: 1/1
   125 | D:1      | Reached XP level 2. HP: 18/18 MP: 2/2
   558 | D:2      | Reached skill level 4 in Unarmed Combat
   570 | D:2      | Reached XP level 3. HP: 23/23 MP: 3/3
   936 | D:3      | Found a white marble altar of Elyvilon.
  1030 | D:3      | Reached XP level 4. HP: 19/28 MP: 4/4
  1094 | D:3      | Noticed a centaur
  1180 | D:3      | Found a hide-covered altar of Uskayaw.
  1180 | D:3      | Noticed a +0 hand axe
  1182 | D:3      | Noticed a +0 hand axe
  1276 | D:4      | HP: 1/28 [acid (10)]
  1278 | D:4      | Reached skill level 5 in Unarmed Combat
  1282 | D:4      | Noticed a scorpion
  1391 | D:4      | Killed a scorpion
  1392 | D:4      | Reached XP level 5. HP: 25/33 MP: 5/5
  1424 | D:4      | Identified the +0 ring mail of Jucury {Str+3}
  1457 | D:4      | Found a sand-covered staircase.
  1473 | Ossuary  | Entered an ossuary
  1525 | Ossuary  | Reached skill level 6 in Unarmed Combat
  1611 | Ossuary  | Reached XP level 6. HP: 24/38 MP: 6/6
  1991 | D:4      | Found a radiant altar of Vehumet.
  2122 | D:4      | Reached skill level 5 in Dodging
  2122 | D:4      | Reached XP level 7. HP: 41/43 MP: 7/7
  2149 | D:4      | Identified the +0 robe of Lethargy {Str+2}
  2754 | D:5      | Entered Level 5 of the Dungeon
  2794 | D:5      | Reached skill level 1 in Stealth
  2836 | D:5      | Reached XP level 8. HP: 40/48 MP: 8/8
  3210 | D:5      | Reached skill level 7 in Unarmed Combat
  3499 | D:5      | Shot with an arrow by a centaur

Illustrated notes

Levels and vault maps discovered:
D:1:      dpeg_arrival_lava_temple_mockup, layout_rooms, st_stairs_11
D:2:      layout_rooms
D:3:      layout_rooms, doesnt_xom_only_xom, dancing_weapons_uskayaw,
          elyvilon_altar_3, minmay_surrounded
D:4:      minmay_opposing_rooms, layout_rooms, fiery_altar_vehumet,
          lightli_ossuary_entry_decrepit_ruins
D:5:      layout_cave_pools

Skill      XL: |  1  2  3  4  5  6  7  8 |
---------------+-------------------------+-----
Unarmed Combat | 4 5 6 7 |  7.4
Dodging        | 3 5 6 |  6.3
Stealth        | 2 3 |  3.0
Shapeshifting  | 4 |  4.5
Fighting       | |  1.0

Action                     |  1- 3 |  4- 6 |  7- 9 || total
---------------------------+-------+-------+-------++-------
  Melee: Unarmed           |    57 |   118 |    90 ||   265
         Constrict         |    17 |    28 |    12 ||    57
         Tentacles         |     9 |    29 |    25 ||    63
         Punch             |     1 |     5 |     5 ||    11
    Use: Scroll            |       |     9 |       ||     9
         Potion            |       |       |     3 ||     3
   Stab: Sleeping          |     5 |     4 |     2 ||    11
         Distracted        |     1 |       |       ||     1
 Armour: Skin              |     5 |     7 |     2 ||    14
  Dodge: Dodged            |    28 |    63 |    46 ||   137
   Form: Beast             |       |       |     1 ||     1
         Maw               |       |       |     1 ||     1

Table legend: (Time is in decaauts)
 A = Elapsed time spent in this place.
 B = Non-inter-level travel time spent in this place.
 C = Inter-level travel time spent in this place.
 D = Time resting spent in this place.
 E = Time spent auto-exploring this place.
 F = Levels seen in this place.
 G = Mean time per level.
                   A        B        C        D        E       F      G
               +--------+--------+--------+--------+--------+-----+--------+
         Total |   3469 |   3358 |    111 |    496 |   1807 |   6 |  578.2 |
       Dungeon |   2977 |   2866 |    111 |    496 |   1479 |   5 |  595.4 |
       Ossuary |    491 |    491 |      0 |      0 |    328 |   1 |  491.0 |
               +--------+--------+--------+--------+--------+-----+--------+

Top non-repeatable levels by time:
     D:4: 1010 daAuts
     D:5: 646 daAuts
     D:1: 510 daAuts
     D:3: 495 daAuts
 Ossuary: 491 daAuts
     D:2: 315 daAuts
